 Dungeon Crawl Stone Soup version 0.29-a0-451-gfbfa42419e (webtiles) character file.

Game seed: 6648282047193810376

14 MeArio the Covered (level 2, 27/27 HPs)
             Began as a Minotaur Fighter on May 19, 2022.
             Was a Follower of Uskayaw.
             Quit the game on level 1 of the Dungeon.
             The game lasted 00:01:46 (642 turns).

MeArio the Covered (Minotaur Fighter)                Turns: 642, Time: 00:01:46

Health: 27/27      AC:  9    Str: 20    XL:     2   Next: 27%
Magic:  1/1        EV:  7    Int:  5    God:    Uskayaw [*.....]
Gold:   44         SH:  4    Dex:  9    Spells: 1/1 levels left

rFire   . . .      SeeInvis .   a - +0 long sword
rCold   . . .      Faith    .   c - +0 buckler
rNeg    . . .      Spirit   .   f - +0 chain mail
rPois   .          Reflect  .   (helmet restricted)
rElec   .          Harm     .   (no cloak)
rCorr   .          Rampage  .   (no gloves)
Will    .....                   (no boots)
Stlth   ..........              (no amulet)
HPRegen 0.09/turn               (no ring)
MPRegen 0.07/turn               (no ring)

@: no status effects
A: horns 2, retaliatory headbutt
a: Renounce Religion, Stomp


You were on level 1 of the Dungeon.
You worshipped Uskayaw.
Uskayaw was noncommittal.
You visited 1 branch of the dungeon, and saw 1 of its levels.

You collected 44 gold pieces.

Inventory:

Hand Weapons
 a - a +0 long sword (weapon)
Armour
 b - a +0 scale mail
 c - a +0 buckler (worn)
 f - a +0 chain mail (worn)
Scrolls
 e - a scroll of summoning {unknown}
 h - 2 scrolls of teleportation {unknown}
Potions
 d - a potion of might
 g - a potion of cancellation {unknown}
 i - 2 potions of lignification {unknown}


   Skills:
 + Level 3.9 Fighting
 + Level 2.7 Long Blades
 + Level 3.9 Armour
 + Level 3.9 Shields


You had one spell level left.
You didn't know any spells.
Your spell library was empty.

Dungeon Overview and Level Annotations

Branches:
Dungeon (1/15)

Altars:
Uskayaw


Innate Abilities, Weirdness & Mutations

You have a pair of horns on your head.
You reflexively headbutt those who attack you in melee.


Message History

You see here a +0 short sword.
Found a buckler.
Partly explored, can't reach some places.
Partly explored, can't reach some places.
Partly explored, can't reach some places.
You hit the plant.
The plant begins to die.
The plant is lightly damaged.
You hit the plant. You headbutt the plant!
The plant is lightly damaged.
You slash the plant! You headbutt the plant.
The plant is lightly damaged.
A nearby plant withers and dies.
A rat and a goblin come into view.
The goblin shouts!
There is a faded altar of an unknown god here.
You hit the demonic plant.
The demonic plant begins to die.
The demonic plant is lightly damaged.
You closely miss the goblin. You headbutt the goblin.
You kill the goblin!
A nearby demonic plant withers and dies.
You hit the rat but do no damage. The rat bites you but does no damage.
The rat bites you.
You hit the rat but do no damage. The rat closely misses you.
You hit the rat.
You kill the rat!
There is a faded altar of an unknown god here.
Things that are here:
a +0 club; a rat corpse
Found a halberd.
There is a faded altar of an unknown god here.
Things that are here:
a +0 club; a rat corpse You cannot tell which god this altar belongs to.
Convert to them anyway?
Uskayaw accepts your prayer! Uskayaw welcomes you!
You can now stomp with the beat.
Unknown command.
Press < or > to pray at altars.
You don't have enough magic capacity.
Are you sure you want to abandon this character and quit the game? (Confirm with "yes".)

### ## ##### #... #. ##...#
.... #.#########.#...#
...###.PP.#.P.P###..#####
#.......#.P...PP#>....#
#..##P...PP.#.P.....#####.###
#.P.......#.PP...PPP#.....#
#..P...PP.@.P.P.P..P#.....#
#......P..#.P....P.P#.....#
...##..P..P.#P..P...##.##.###
.. #....[..#P....PP#####.# .
..###..PP#..P.###.# #.# # ..)
#.#########....# #†# # ###
###..# #....# #.# #
##.######.#######.# #
#..##..........#.###


There were no monsters in sight!

Vanquished Creatures
  A ball python (D:1)
  A bat (D:1)
  2 goblins (D:1)
  2 hobgoblins (D:1)
  3 kobolds (D:1)
  3 rats (D:1)
12 creatures vanquished.

Vanquished Creatures (others)
  A demonic plant (D:1)
  A plant (D:1)
2 creatures vanquished.

Grand Total: 14 creatures vanquished

Notes
Turn   | Place    | Note
-------+----------+-------------------------------------------
     0 | D:1      | MeArio the Minotaur Fighter began the quest for the Orb.
     0 | D:1      | Reached XP level 1. HP: 19/19 MP: 0/0
   339 | D:1      | Reached XP level 2. HP: 27/27 MP: 1/1
   417 | D:1      | Found a faded altar of an unknown god.
   641 | D:1      | Prayed at the altar of an unknown god.
   641 | D:1      | Became a worshipper of Uskayaw the Reveller
   641 | D:1      | Reached * piety under Uskayaw
   642 | D:1      | Quit the game

Illustrated notes

Levels and vault maps discovered:
D:1:      shiori_arrival_elements, layout_basic, shapermc_ecumenical_altar_gd,
          minivault_25

Action                   || total
-------------------------++-------
Melee: Long sword        ||    41
       Headbutt          ||     6
Armor: Chain mail        ||    12
       Scale mail        ||     9
Dodge: Dodged            ||    10
Block: Buckler           ||     7

Table legend: (Time is in decaauts)
 A = Elapsed time spent in this place.
 B = Non-inter-level travel time spent in this place.
 C = Inter-level travel time spent in this place.
 D = Time resting spent in this place.
 E = Time spent auto-exploring this place.
 F = Levels seen in this place.
 G = Mean time per level.
                   A        B        C        D        E       F      G
               +--------+--------+--------+--------+--------+-----+--------+
         Total |    654 |    654 |      0 |      0 |    517 |   1 |  654.0 |
       Dungeon |    654 |    654 |      0 |      0 |    517 |   1 |  654.0 |
               +--------+--------+--------+--------+--------+-----+--------+

Top non-repeatable levels by time:
     D:1: 654 daAuts
